 Dungeon Crawl Stone Soup version 0.26.1-11-gd32895ea62 (webtiles) character file.

Game seed: 8015993691287494356

320 adizb the Digger (level 6, 0/44 HPs)
             Began as a Formicid Earth Elementalist on June 26, 2021.
             Slain by an orc
             ... wielding a +0 flail
              (6 damage)
             ... on level 4 of the Dungeon.
             The game lasted 00:31:38 (2480 turns).

adizb the Digger (Formicid Earth Elementalist)      Turns: 2480, Time: 00:31:39

Health: 0/44       AC:  2    Str: 13    XL:     6   Next: 75%
Magic:  4/10       EV: 12    Int: 16    God:
Gold:   112        SH:  0    Dex: 11    Spells: 8/11 levels left

rFire    . . .     SeeInvis +   r - +1 falchion (holy)
rCold    . . .     Faith    .   (no shield)
rNeg     . . .     Spirit   .   u - +0 robe
rPois    .         Reflect  .   (helmet unavailable)
rElec    .         Harm     .   (no cloak)
rCorr    .         Rampage  .   (no gloves)
Will     .....                  (no boots)
Stlth    ++........             (no amulet)
HPRegen  0.14/turn              (no ring)
MPRegen  0.12/turn              (no ring)

@: no status effects
A: permanent stasis, dig shafts and tunnels, four strong arms, antennae 3
a: Dig, Shaft Self


You were on level 4 of the Dungeon.
You visited 1 branch of the dungeon, and saw 4 of its levels.

You collected 112 gold pieces.

Inventory:

Hand Weapons
 g - a +0 dagger of venom
 l - a +0 dagger
 r - a +1 falchion of holy wrath (weapon)
Missiles
 b - 58 stones
Armour
 u - a +0 robe (worn)
Scrolls
 a - 2 scrolls of enchant armour
 e - 2 scrolls of amnesia
 i - 2 scrolls of identify
 o - a scroll of remove curse {unknown}
 p - a scroll of noise {unknown}
 q - a scroll of fog {unknown}
Potions
 c - a potion of curing {unknown}
 d - a potion of invisibility {unknown}
 h - a potion of ambrosia {unknown}
 j - a potion of might {unknown}
 k - a potion of heal wounds {unknown}
 m - a potion of magic {unknown}
 v - a potion of attraction {unknown}


   Skills:
 + Level 1.7 Fighting
 + Level 1.6 Staves
 + Level 1.7 Armour
 - Level 2.0 Dodging
 + Level 3.5 Stealth
 + Level 3.0 Spellcasting
 - Level 0.5 Summonings
 + Level 1.2 Necromancy
 + Level 2.2 Transmutations
 + Level 4.6 Earth Magic
 + Level 1.7 Invocations
 + Level 1.3 Evocations


You had 8 spell levels left.
You knew the following spells:

 Your Spells              Type           Power        Failure   Level
a - Sandblast             Erth           34%          2%          1
b - Passwall              Tmut/Erth      10%          7%          2

Your spell library contained the following spells:

 Spells                   Type           Power        Failure   Level
 Stone Arrow              Conj/Erth      18%          22%         3
 Petrify                  Tmut/Erth      13%          41%         4
 Lee's Rapid Deconstruct  Erth           8%           58%         5


Dungeon Overview and Level Annotations

Branches:
Dungeon (4/15)
 Temple: D:4-7

Altars:


Innate Abilities, Weirdness & Mutations

You cannot be hasted, slowed, berserked, paralysed or teleported.
You can dig through walls and to a lower floor.
Your four strong arms can wield two-handed weapons with a shield.
You have a pair of large antennae on your head. (SInv)


Message History

The orc is heavily wounded.
Aiming: Sandblast (safe; 2% risk of failure)
Press: ? - help, Q - select action, (/) - cycle Shift-Dir - straight line, f/p - orc
Aim: an orc, wielding a +0 flail and wearing a +0 ring mail (heavily wounded, 18% to evade)
The blast of sand hits the orc but does no damage.
The orc is heavily wounded.
Aiming: Sandblast (safe; 2% risk of failure)
Press: ? - help, Q - select action, (/) - cycle Shift-Dir - straight line, f/p - orc
Aim: an orc, wielding a +0 flail and wearing a +0 ring mail (heavily wounded, 18% to evade)
The blast of sand hits the orc but does no damage.
The orc is heavily wounded.
The orc hits you with a +0 flail.
* * * LOW HITPOINT WARNING * * *
Aiming: Sandblast (safe; 2% risk of failure)
Press: ? - help, Q - select action, (/) - cycle Shift-Dir - straight line, f/p - orc
Aim: an orc, wielding a +0 flail and wearing a +0 ring mail (heavily wounded, 18% to evade)
The blast of sand hits the orc but does no damage.
The orc is heavily wounded.
The orc hits you with a +0 flail.
You die...

#......#.......
#......+.....#
#..†..##.....# .
+..<..##††...#..
###...##.......≈
#...##.†...≈≈≈
#.........#≈≈≈
##........# # {
#@......#.# {
#o.###.≈##.. {
#..###.≈# ..# o o
##......≈## .#
#...#####o......≈≈#
..⌠.o......#.##.≈≈####
#...#####.##'##..≈≈≈≈≈
+ ##.+.....≈≈≈≈≈
.#..†...≈≈≈≈


You could see an orc wizard and an orc.

Vanquished Creatures
  A howler monkey (D:4)
  A hound (D:4)
  2 orc wizards (D:3)
  2 worker ants (D:4)
  3 gnolls (D:3)
  2 adders
  An ooze (D:2)
  2 worms
  A dart slug (D:1)
  5 leopard geckos
  9 orcs (D:3)
  A ball python (D:3)
  4 giant cockroaches
  10 goblins
  8 hobgoblins
  4 jackals (D:1)
  5 kobolds
  2 quokkas (D:3)
  3 bats
  4 frilled lizards
  6 rats
76 creatures vanquished.

Notes
Turn   | Place    | Note
-------+----------+-------------------------------------------
     0 | D:1      | adizb the Formicid Earth Elementalist began the quest for
                  | the Orb.
     0 | D:1      | Reached XP level 1. HP: 13/13 MP: 3/3
    76 | D:1      | Reached XP level 2. HP: 11/19 MP: 0/5
   126 | D:1      | You fall into a shaft and drop 1 floor!
   189 | D:2      | Reached skill level 4 in Earth Magic
   241 | D:2      | Found a faded altar of an unknown god.
   430 | D:1      | Reached XP level 3. HP: 24/24 MP: 1/6
   448 | D:1      | Learned a level 2 spell: Passwall
   984 | D:2      | Reached XP level 4. HP: 31/31 MP: 5/7
  1601 | D:3      | Reached skill level 1 in Invocations
  1674 | D:3      | Reached skill level 1 in Fighting
  1674 | D:3      | Reached skill level 1 in Armour
  1682 | D:3      | Reached XP level 5. HP: 24/37 MP: 0/8
  1694 | D:3      | Reached skill level 1 in Staves
  1936 | D:3      | Reached skill level 1 in Evocations
  2041 | D:3      | Reached XP level 6. HP: 18/43 MP: 6/10
  2363 | D:4      | Reached skill level 1 in Necromancy
  2480 | D:4      | Slain by an orc

Illustrated notes

Levels and vault maps discovered:
D:1:      lightli_arrival_flooded_house, layout_rooms, st_stairs_7,
          kennysheep_decorative_pillar, minivault_25, minmay_pentomino_v4
D:2:      layout_basic, chequers_ecumenical_altar_simple, supply_closet_lemuel
D:3:      layout_rooms
D:4:      layout_gridville, grunt_temple_overflow_cloverleaf,
          grunt_decor_junction, cheibriados_altar_1, uniq_grinder, uniq_robin,
          uniq_duvessa, uniq_menkaure

Skill      XL: |  1  2  3  4  5  6 |
---------------+-------------------+-----
Earth Magic    | 4 |  4.6
Dodging        | 2 |  2.0
Invocations    | 1 |  1.7
Fighting       | 1 |  1.7
Armour         | 1 |  1.7
Staves         | 1 |  1.6
Stealth        | 3 |  3.5
Evocations     | 1 |  1.3
Necromancy     | 1 |  1.2
Transmutations | 2 |  2.2
Spellcasting   | 3 |  3.0
Summonings     | |  0.5

Action                   |  1- 3 |  4- 6 || total
-------------------------+-------+-------++-------
Melee: Unarmed           |    15 |       ||    15
       Dagger            |       |     6 ||     6
       Falchion          |       |    23 ||    23
 Cast: Sandblast         |    51 |    74 ||   125
       Passwall          |     1 |       ||     1
 Abil: Dig               |     8 |    32 ||    40
  Use: Scroll            |       |     6 ||     6
 Stab: Sleeping          |       |     1 ||     1
Armor: Robe              |    10 |     7 ||    17
Dodge: Dodged            |    38 |    34 ||    72
       Rpst.: Falchion   |       |     6 ||     6
